 Dungeon Crawl Stone Soup version 0.30.0-29-ga12c61a403 (webtiles) character file.

Game seed: 6238777297255380720

123 boopmooplesden the Trooper (level 4, -1/41 HPs)
             Began as a Minotaur Fighter on June 19, 2023.
             Slain by Sigmund
             ... wielding a +0 scythe
              (10 damage)
             ... on level 2 of the Dungeon.
             The game lasted 00:02:12 (1696 turns).

boopmooplesden the Trooper (Minotaur Fighter)       Turns: 1696, Time: 00:02:13

Health: -1/41      AC:  9    Str: 28    XL:     4   Next: 80%
Magic:  3/3        EV: 10    Int:  5    God:
Gold:   62         SH:  4    Dex:  9    Spells: 3/3 levels left

rFire   . . .        a - +0 flail
rCold   . . .        c - +0 buckler
rNeg    . . .        j - +2 scale mail of Vehumet's Indignation {Str+5}
rPois   .            (helmet restricted)
rElec   .            (no cloak)
rCorr   .            (no gloves)
SInv    .            (no boots)
Will    .....        (no amulet) Stlth
                     (no ring)
HPRegen 0.26/turn    (no ring)
MPRegen 0.08/turn

%: no passive effects
@: no status effects
A: horns 2, retaliatory headbutt
a: no special abilities


You were on level 2 of the Dungeon.
You visited 1 branch of the dungeon, and saw 2 of its levels.

You collected 62 gold pieces.

Inventory:

Hand Weapons
 a - a +0 flail (weapon)
Missiles
 e - 2 javelins
 h - a throwing net (quivered)
Armour
 b - a +0 scale mail
 c - a +0 buckler (worn)
 j - the +2 scale mail of Vehumet's Indignation (worn) {Str+5}
   (You found it on level 2 of the Dungeon)

   Str:       It affects your strength (+5).
Wands
 i - a wand of mindburst (12)
Scrolls
 g - 6 scrolls of identify {unknown}
 k - a scroll of vulnerability {unknown}
 l - a scroll of brand weapon {unknown}
 m - a scroll of silence {unknown}
Potions
 d - a potion of might
 f - a potion of lignification {unknown}


   Skills:
 + Level 4.5 Fighting
 + Level 4.1 Maces & Flails
 + Level 4.4 Armour
 + Level 0.4 Dodging
 + Level 0.1 Stealth
 + Level 4.1 Shields


You had 3 spell levels left.
You didn't know any spells.
Your spell library was empty.

Dungeon Overview and Level Annotations

Branches:
Dungeon (2/15)

Altars:
Wu Jian

Shops:
D:1 =

Annotations:
D:2 Sigmund


Innate Abilities, Weirdness & Mutations

You have a pair of horns on your head.
You reflexively headbutt those who attack you in melee.


Message History

Found 10 gold pieces.
The ball python hisses angrily.
There is a large open door here.
A ball python is nearby!
You block the ball python's attack. The ball python grabs you.
The ball python constricts you.
You sock the ball python!
You kill the ball python!
You now have 62 gold pieces (gained 10).
A bat comes into view.
The bat hits you but does no damage.
A bat is nearby!
A bat is nearby!
You closely miss the bat. The bat closely misses you. You furiously retaliate!
You headbutt the bat!
You kill the bat!
You see here a bat corpse.
You see here a bat corpse.
Sigmund the Dreaded comes into view.
He is wielding a +0 scythe.
Sigmund shouts!
Sigmund casts a spell.
Sigmund flickers and vanishes!
Deactivating autopickup; reactivate with Ctrl-A.
There is a strange disturbance nearby!
There is a strange disturbance nearby!
Something hits you!
You sock something! Your headbutt misses something.
Something hits you but does no damage.
You closely miss something. Your headbutt misses something. Something hits you!
You barely miss something. Something hits you!
You closely miss something. Something hits you.
You closely miss something. You miss something.
You hear some strange, mumbled words.
Something tries to affect you, but you resist.
Something hits you!
* * * LOW HITPOINT WARNING * * *
You barely miss something. You barely miss something.
Your headbutt misses something. Something hits you!
You die...

##########'#######
...........
#...........#
...........
#...........#
...........
#...........#
...........
#...........#
...........
#######...........#
...........
#...........#######
#.#####################
#.##.†.........@{......
#.##.##################
#.##.# #.##.####
#.......# ####.##.#
#.##.# #.##.# #.##.#


There were no monsters in sight!

Vanquished Creatures
  Terence (D:2)
  Robin (D:2)
  2 adders (D:2)
  A gnoll (D:1)
  A dart slug (D:2)
  6 ball pythons
  4 bats
  5 endoplasms
  3 giant cockroaches
  12 goblins
  4 hobgoblins
  A jackal (D:2)
  A quokka (D:1)
  4 frilled lizards
  3 kobolds
  6 rats
55 creatures vanquished.

Notes
Turn   | Place    | Note
-------+----------+-------------------------------------------
     0 | D:1      | boopmooplesden the Minotaur Fighter began the quest for the
                  | Orb.
     0 | D:1      | Reached XP level 1. HP: 19/19 MP: 0/0
   193 | D:1      | Reached XP level 2. HP: 27/27 MP: 1/1
   278 | D:1      | Found Zankilek's Jewellery Boutique.
   671 | D:2      | Reached XP level 3. HP: 33/33 MP: 2/2
   887 | D:2      | Noticed Terence
   890 | D:2      | Identified the +2 scale mail of Vehumet's Indignation
                  | {Str+5}
   901 | D:2      | Killed Terence
  1102 | D:2      | Reached XP level 4. HP: 41/41 MP: 3/3
  1150 | D:2      | Found an ornate altar of the Wu Jian Council.
  1168 | D:2      | Noticed Robin
  1198 | D:2      | Killed Robin
  1684 | D:2      | Noticed Sigmund
  1696 | D:2      | Slain by Sigmund

Illustrated notes

Levels and vault maps discovered:
D:1:      spicycebolla_arrival_ecumenical, layout_basic, serial_shops, shop
D:2:      layout_basic, basic_altar, minmay_surrounded, uniq_robin,
          uniq_terence, uniq_sigmund

Skill      XL: |  1  2  3  4 |
---------------+-------------+-----
Armour         | 4 |  4.4
Fighting       | 4 |  4.5
Shields        | 4 |  4.1
Maces & Flails | 3 4 |  4.1
Dodging        | |  0.4
Stealth        | |  0.1

Action                     |  1- 3 |  4- 6 || total
---------------------------+-------+-------++-------
  Melee: Flail             |    59 |    59 ||   118
         Headbutt          |     5 |     2 ||     7
    Use: Potion            |     1 |     1 ||     2
 Armour: Scale mail        |    22 |    33 ||    55
  Dodge: Dodged            |    29 |    25 ||    54
  Block: Buckler           |    16 |    13 ||    29
